 Dungeon Crawl Stone Soup version 0.18.1-48-g4cf74bf (webtiles) character file.

89 Gargoyl the Skirmisher (level 4, -5/35 HPs)
             Began as a Demonspawn Abyssal Knight on July 19, 2016.
             Was a Follower of Lugonu.
             Slain by a gnoll
             ... wielding a +0 spear
              (6 damage)
             ... on level 2 of the Dungeon.
             The game lasted 00:04:01 (1848 turns).

Gargoyl the Skirmisher (Demonspawn Abyssal Knight)  Turns: 1848, Time: 00:04:01

Health: -5/35      AC: 10    Str: 14    XL:     4   Next: 31%
Magic:  5/5        EV:  2    Int: 13    God:    Lugonu [*.....]
Gold:   53         SH:  0    Dex: 12    Spells: 0 memorised, 3 levels left

rFire  . . .     SeeInvis .     a - +1 hand axe
rCold  . . .     Gourm    .     j - +0 chain mail
rNeg   . . .     Faith    .     (no shield)
rPois  .         Spirit   .     (helmet restricted)
rElec  .         Dismiss  .     g - +1 cloak
rCorr  .         Reflect  .     (no gloves)
SustAt .         Harm     .     (no boots)
MR     .....                    (no amulet)
Stlth  ..........               (no ring)
                                m - -3 ring of evasion (curse)

@: very heavily drained, not resistant to hostile enchantments, extremely
unstealthy
A: antennae 1, claws 1, talons 1
a: Depart the Abyss, Renounce Religion


You were on level 2 of the Dungeon.
You worshipped Lugonu.
Lugonu was aware of your devotion.
You were hungry.

You visited 1 branch of the dungeon, and saw 2 of its levels.
You visited the Abyss 1 time.

You collected 53 gold pieces.

Inventory:

Hand Weapons
 a - a +1 hand axe (weapon)
Armour
 g - a +1 cloak (worn)
 j - a +0 chain mail (worn)
Jewellery
 m - a cursed -3 ring of evasion (left claw)
Scrolls
 f - a scroll of identify
 i - a scroll of enchant weapon {unknown}
Potions
 b - a potion of invisibility {unknown}
 d - a potion of brilliance {unknown}
 e - 2 potions of cancellation {unknown}
 k - a potion of degeneration {unknown}
 l - a potion of cure mutation {unknown}
Comestibles
 c - a bread ration
 h - a meat ration


   Skills:
 + Level 3.3(0.0) Fighting
 + Level 2.7(0.0) Axes
 * Level 2.8(0.0) Armour
 + Level 1.6(0.0) Dodging
 + Level 2.6(0.0) Invocations


You had 3 spell levels left.
You didn't know any spells.

Dungeon Overview and Level Annotations

Branches:
Dungeon (2/15)

Altars:
Yredelemnul

Annotations:
D:2 1 runed door


Innate Abilities, Weirdness & Mutations

You have a pair of small antennae on your head.
You have sharp fingernails.
You have sharp toenails.


Message History

You kill the gnoll!
Lugonu accepts your kill.
The gnoll hits you from afar with a spear.
The gnoll hits you with a spear.
* * * LOW HITPOINT WARNING * * *
Found 12 arrows.
You see here a spear.
You barely miss the gnoll.
The gnoll hits you but does no damage. x2
You hit the gnoll.
The gnoll is moderately wounded.
The gnoll hits you but does no damage.
You hit the gnoll but do no damage.
The gnoll is moderately wounded.
The gnoll hits you but does no damage.
You barely miss the gnoll. You claw the gnoll, but do no damage.
The gnoll is moderately wounded.
The gnoll hits you with a spear!
* * * LOW HITPOINT WARNING * * *
The gnoll hits you with a spear.
You die...

######### ......†.#
#######.## #####
######...###...#########
#......#.....#..@gg.....
#.####>..##########.###(
..# ##.######## ###
#.......... #..########
######..### ..........#
###.##.##.# ###.##.##.##


You could see 2 gnolls.

Vanquished Creatures
  Terence (D:2)
  A gnoll (D:2)
  An adder (D:2)
  2 worms (D:2)
  2 giant geckos
  2 giant cockroaches
  3 goblins
  7 hobgoblins
  5 jackals
  5 kobolds
  A bat (D:1)
  A giant newt (D:2)
  A jackal zombie (D:2)
  A kobold zombie (Abyss:1)
  5 rats
38 creatures vanquished.

Notes
Turn   | Place    | Note
--------------------------------------------------------------
     0 | Abyss:1  | Gargoyl the Demonspawn Abyssal Knight began the quest for the Orb.
     0 | Abyss:1  | Reached XP level 1. HP: 18/18 MP: 2/2
    96 | Abyss:1  | Noticed a large abomination
   108 | Abyss:1  | Noticed an ancient zyme
   110 | D:1      | Escaped the Abyss
   376 | D:1      | Gained mutation: You have sharp toenails. [demonic ancestry]
   376 | D:1      | Reached XP level 2. HP: 24/24 MP: 3/3
   497 | D:1      | Reached * piety under Lugonu
   499 | D:1      | HP: 1/24 [hobgoblin/club (4)]
  1061 | D:1      | Reached skill level 1 in Dodging
  1289 | D:2      | Gained mutation: You have sharp fingernails. [demonic ancestry]
  1289 | D:2      | Reached XP level 3. HP: 29/29 MP: 4/4
  1369 | D:2      | Noticed Terence
  1429 | D:2      | Killed Terence
  1532 | D:2      | Gained mutation: You have a pair of small antennae on your head. [demonic ancestry]
  1532 | D:2      | Reached XP level 4. HP: 34/35 MP: 5/5
  1577 | D:2      | Found a runed door.
  1577 | D:2      | Noticed a human
  1578 | D:2      | Found a basalt altar of Yredelemnul.
  1848 | D:2      | HP: 1/35 [gnoll/spear (7)]
  1848 | D:2      | Slain by a gnoll

Skill      XL: |  1  2 |
---------------+-------+-----
Axes           | 2 |  2.7
Armour         | 2 |  2.8
Dodging        | 1 |  1.6
Fighting       | |  3.3
Invocations    | |  2.6

Action                   |  1- 3 |  4- 6 || total
-------------------------+-------+-------++-------
Melee: Hand axe          |   148 |    18 ||   166
       Kick              |    30 |     3 ||    33
Invok: Depart the Abyss  |     1 |       ||     1
  Use: Scroll            |     3 |       ||     3
       Potion            |     1 |       ||     1
  Eat: Chunk             |     2 |     1 ||     3
Armor: Ring mail         |    22 |       ||    22
       Chain mail        |   104 |    20 ||   124
Dodge: Dodged            |    53 |     2 ||    55
